[ AOE2 MATCH · #504914712 ]
UnrankedChinese vs Spanish
Player's team · WIN
Rival team · LOSS
[ REPLAY ANALYSIS · EXTRACTED FROM THE RECORDED GAME ]
Feudal
8:26
Castle
18:40
Imperial
—
| APM avg | 69.5 |
| APM peak | 126 |
| eAPM avg | 25.9 |
| Villagers / military | 54 / 20 |
Focus
⚔️ 45.9% · 🌾 54.1%
Archer ×17 · Iron Pagoda ×3
Feudal
13:28
Castle
23:05
Imperial
—
| APM avg | 59.0 |
| APM peak | 100 |
| eAPM avg | 24.1 |
| Villagers / military | 67 / 24 |
Focus
⚔️ 27.2% · 🌾 72.8%
Skirmisher ×13 · Militia ×8 · Knight ×3
Match map
Initial resources + every placement click. Lines = walls · curves = elevation contours. ◆ gold · ⬟ stone · ● berries · ✦ relic · ◌ wall gap
Your base· Open — opponent sealed themselves in
NatheSpike's base· ✓ Closed at 23:05 · 67t walls · no gate
Smoothed initial terrain · ◌ = detected wall gap · hover for details
Inputs per minute
— CN_Dauh - - NatheSpike
Build order — CN_Dauh
137 actions detected in the replay
| 0:00 | Research | Loom |
| 0:40 | Queue | Villager (Male) |
| 1:06 | Queue | Villager (Male) |
| 1:32 | Queue | Villager (Male) |
| 1:59 | Queue | Villager (Male) |
| 2:01 | Build | Lumber Camp |
| 2:22 | Queue | Villager (Male) |
| 2:53 | Queue | Villager (Male) |
| 2:53 | Queue | Villager (Male) |
| 2:53 | Queue | Villager (Male) |
| 3:13 | Build | House |
| 3:17 | Queue | Villager (Male) |
| 3:57 | Queue | Villager (Male) |
| 4:05 | Queue | Villager (Male) |
| 4:32 | Build | Mill |
| 4:36 | Queue | Villager (Male) |
| 4:44 | Queue | Villager (Male) |
| 4:52 | Queue | Villager (Male) |
| 6:16 | Research | Feudal Age |
| 6:37 | Build | Palisade Wall |
| 7:06 | Build | Palisade Wall |
| 7:10 | Build | Palisade Wall |
| 7:12 | Build | Palisade Wall |
| 7:33 | Build | Barracks |
| 7:37 | Build | House |
| 8:11 | Queue | Villager (Male) |
| 8:26 | Age | Feudal Age |
| 8:28 | Queue | Villager (Male) |
| 8:32 | Build | Archery Range |
| 8:56 | Research | Double-Bit Axe |
| 9:09 | Build | Mining Camp |
| 9:09 | Queue | Villager (Male) |
| 9:11 | Build | House |
| 9:16 | Build | Palisade Wall |
| 9:17 | Build | Palisade Wall |
| 9:23 | Queue | Villager (Male) |
| 9:25 | Build | Palisade Wall |
| 9:31 | Build | Palisade Wall |
| 9:37 | Queue | Archer |
| 9:53 | Queue | Villager (Male) |
| 10:12 | Queue | Archer |
| 10:19 | Queue | Villager (Male) |
| 10:23 | Build | Farm |
| 10:23 | Build | Farm |
| 10:30 | Build | Farm |
| 10:35 | Queue | Villager (Male) |
| 10:37 | Queue | Archer |
| 10:37 | Queue | Archer |
| 10:54 | Build | Farm |
| 10:59 | Build | Palisade Wall |
| 11:00 | Build | House |
| 11:12 | Queue | Villager (Male) |
| 11:27 | Build | Mill |
| 11:34 | Queue | Villager (Male) |
| 11:35 | Queue | Archer |
| 11:59 | Build | Farm |
| 12:04 | Build | House |
| 12:04 | Build | House |
| 12:06 | Queue | Villager (Male) |
| 12:07 | Queue | Archer |
| 12:41 | Build | Farm |
| 12:42 | Queue | Archer |
| 12:56 | Queue | Villager (Male) |
| 12:58 | Build | Farm |
| 13:20 | Queue | Villager (Male) |
| 13:25 | Build | Blacksmith |
| 13:46 | Queue | Villager (Male) |
| 14:08 | Research | Fletching |
| 14:09 | Research | Wheelbarrow |
| 14:12 | Build | Farm |
| 14:13 | Build | Farm |
| 14:28 | Build | Farm |
| 14:38 | Queue | Archer |
| 15:01 | Build | Farm |
| 15:11 | Queue | Villager (Male) |
| 15:51 | Queue | Archer |
| 16:00 | Research | Castle Age |
| 16:33 | Queue | Archer |
| 16:39 | Research | Gold Mining |
| 16:48 | Build | House |
| 16:49 | Build | House |
| 16:51 | Build | House |
| 17:04 | Research | Horse Collar |
| 17:05 | Research | Padded Archer Armor |
| 17:07 | Queue | Archer |
| 17:25 | Build | Farm |
| 18:10 | Queue | Villager (Male) |
| 18:12 | Queue | Archer |
| 18:20 | Build | House |
| 18:21 | Build | House |
| 18:40 | Age | Castle Age |
| 18:53 | Build | Siege Workshop |
| 18:54 | Research | Bodkin Arrow |
| 18:55 | Research | Crossbowman (upgrade) |
| 18:58 | Research | Bow Saw |
| 18:59 | Queue | Villager (Male) |
| 19:03 | Build | Town Center |
| 19:11 | Queue | Villager (Male) |
| 19:44 | Build | House |
| 19:55 | Queue | Villager (Male) |
| 20:02 | Queue | Iron Pagoda |
| 20:09 | Build | Farm |
| 20:10 | Queue | Villager (Male) |
| 20:18 | Build | House |
| 20:31 | Queue | Villager (Male) |
| 20:32 | Queue | Villager (Male) |
| 20:37 | Build | Lumber Camp |
| 20:51 | Build | House |
| 20:52 | Queue | Villager (Male) |
| 20:52 | Queue | Villager (Male) |
| 20:52 | Queue | Villager (Male) |
| 20:54 | Queue | Archer |
| 20:58 | Queue | Villager (Male) |
| 20:58 | Queue | Villager (Male) |
| 21:32 | Build | House |
| 21:36 | Queue | Iron Pagoda |
| 21:57 | Queue | Villager (Male) |
| 22:01 | Queue | Villager (Male) |
| 22:26 | Queue | Villager (Male) |
| 22:29 | Queue | Villager (Male) |
| 23:13 | Queue | Villager (Male) |
| 23:13 | Queue | Villager (Male) |
| 23:23 | Queue | Villager (Male) |
| 23:24 | Queue | Villager (Male) |
| 23:29 | Build | Town Center |
| 23:42 | Queue | Villager (Male) |
| 23:44 | Queue | Villager (Male) |
| 23:56 | Queue | Villager (Male) |
| 24:00 | Queue | Iron Pagoda |
| 24:03 | Queue | Archer |
| 24:03 | Queue | Archer |
| 24:04 | Queue | Archer |
| 24:33 | Queue | Villager (Male) |
| 24:35 | Queue | Villager (Male) |
| 24:36 | Queue | Villager (Male) |
| 24:39 | Build | Monastery |
| 24:49 | Queue | Archer |
Build order — NatheSpike
First 150 of 174 actions detected
| 0:01 | Queue | Villager (Male) |
| 0:01 | Queue | Villager (Male) |
| 0:01 | Queue | Villager (Male) |
| 0:01 | Queue | Villager (Male) |
| 0:03 | Build | House |
| 0:04 | Build | House |
| 1:14 | Queue | Villager (Male) |
| 1:14 | Queue | Villager (Male) |
| 1:40 | Queue | Villager (Male) |
| 1:40 | Queue | Villager (Male) |
| 1:41 | Queue | Villager (Male) |
| 2:00 | Queue | Villager (Male) |
| 2:00 | Queue | Villager (Male) |
| 2:29 | Queue | Villager (Male) |
| 2:29 | Queue | Villager (Male) |
| 2:37 | Build | House |
| 2:55 | Queue | Villager (Male) |
| 2:55 | Queue | Villager (Male) |
| 2:55 | Queue | Villager (Male) |
| 3:24 | Build | Barracks |
| 3:40 | Queue | Villager (Male) |
| 3:40 | Queue | Villager (Male) |
| 3:54 | Build | House |
| 4:03 | Queue | Villager (Male) |
| 4:16 | Queue | Militia |
| 4:17 | Queue | Militia |
| 4:17 | Queue | Militia |
| 4:34 | Queue | Villager (Male) |
| 4:35 | Queue | Villager (Male) |
| 4:35 | Queue | Villager (Male) |
| 4:39 | Queue | Militia |
| 4:39 | Queue | Militia |
| 5:03 | Queue | Villager (Male) |
| 5:07 | Queue | Militia |
| 5:07 | Queue | Militia |
| 5:08 | Queue | Militia |
| 5:25 | Queue | Villager (Male) |
| 5:25 | Queue | Villager (Male) |
| 5:25 | Queue | Villager (Male) |
| 5:48 | Queue | Villager (Male) |
| 5:59 | Build | House |
| 6:05 | Build | Lumber Camp |
| 6:11 | Queue | Villager (Male) |
| 6:11 | Queue | Villager (Male) |
| 6:11 | Queue | Villager (Male) |
| 6:33 | Queue | Villager (Male) |
| 6:53 | Build | Palisade Wall |
| 7:08 | Queue | Villager (Male) |
| 7:34 | Queue | Villager (Male) |
| 7:51 | Queue | Villager (Male) |
| 7:55 | Build | Mill |
| 8:11 | Queue | Villager (Male) |
| 8:16 | Build | House |
| 8:24 | Build | Farm |
| 8:25 | Queue | Villager (Male) |
| 8:52 | Queue | Villager (Male) |
| 8:54 | Build | Farm |
| 8:56 | Build | Palisade Wall |
| 8:59 | Research | Loom |
| 9:09 | Queue | Villager (Male) |
| 9:10 | Queue | Villager (Male) |
| 9:12 | Queue | Villager (Male) |
| 9:31 | Queue | Villager (Male) |
| 9:56 | Build | Farm |
| 9:59 | Build | Palisade Wall |
| 10:02 | Build | Farm |
| 10:05 | Build | Farm |
| 10:12 | Build | Palisade Wall |
| 10:32 | Build | Farm |
| 10:37 | Queue | Villager (Male) |
| 10:56 | Build | Palisade Wall |
| 11:02 | Build | House |
| 11:16 | Research | Feudal Age |
| 11:28 | Build | Lumber Camp |
| 12:04 | Build | House |
| 12:14 | Build | Palisade Wall |
| 12:38 | Queue | Villager (Male) |
| 12:41 | Build | Farm |
| 12:44 | Build | Palisade Wall |
| 12:52 | Build | Palisade Wall |
| 13:08 | Build | Palisade Wall |
| 13:10 | Build | Palisade Wall |
| 13:11 | Build | Palisade Wall |
| 13:28 | Age | Feudal Age |
| 13:29 | Build | House |
| 13:33 | Build | Archery Range |
| 13:46 | Research | Double-Bit Axe |
| 13:48 | Research | Horse Collar |
| 14:04 | Queue | Villager (Male) |
| 14:12 | Build | House |
| 14:13 | Build | Palisade Wall |
| 14:16 | Queue | Villager (Male) |
| 14:20 | Queue | Skirmisher |
| 14:40 | Build | House |
| 14:42 | Queue | Villager (Male) |
| 14:44 | Queue | Skirmisher |
| 15:01 | Queue | Skirmisher |
| 15:14 | Build | Farm |
| 15:14 | Build | Farm |
| 15:17 | Queue | Villager (Male) |
| 15:46 | Queue | Villager (Male) |
| 15:50 | Build | Blacksmith |
| 15:50 | Queue | Skirmisher |
| 15:59 | Build | Farm |
| 16:01 | Queue | Villager (Male) |
| 16:05 | Queue | Skirmisher |
| 16:26 | Queue | Villager (Male) |
| 16:33 | Research | Padded Archer Armor |
| 16:34 | Research | Fletching |
| 16:37 | Queue | Skirmisher |
| 16:41 | Queue | Villager (Male) |
| 16:48 | Queue | Skirmisher |
| 16:59 | Queue | Villager (Male) |
| 17:08 | Queue | Villager (Male) |
| 17:15 | Build | Farm |
| 17:16 | Build | Farm |
| 17:18 | Build | Farm |
| 17:27 | Queue | Villager (Male) |
| 17:36 | Build | Mining Camp |
| 18:01 | Queue | Villager (Male) |
| 18:05 | Research | Wheelbarrow |
| 18:08 | Build | Farm |
| 18:10 | Build | Farm |
| 18:12 | Build | Farm |
| 18:26 | Build | Farm |
| 18:31 | Build | Farm |
| 19:02 | Build | Farm |
| 19:04 | Queue | Villager (Male) |
| 19:27 | Build | Market |
| 19:33 | Queue | Skirmisher |
| 19:46 | Build | Watch Tower |
| 19:57 | Build | House |
| 20:15 | Build | House |
| 20:17 | Build | House |
| 20:25 | Research | Castle Age |
| 20:26 | Research | Castle Age |
| 20:28 | Build | Mining Camp |
| 20:41 | Build | House |
| 20:42 | Build | House |
| 20:50 | Queue | Skirmisher |
| 20:53 | Queue | Villager (Male) |
| 20:59 | Queue | Skirmisher |
| 21:01 | Build | Stable |
| 21:11 | Build | Farm |
| 21:11 | Build | Farm |
| 21:12 | Queue | Villager (Male) |
| 21:21 | Queue | Skirmisher |
| 21:26 | Build | House |
| 21:36 | Queue | Villager (Male) |
| 22:06 | Queue | Villager (Male) |
Match timeline
| 3:24 | NatheSpike · first_building Barracks |
| 6:37 | CN_Dauh · wall_segment Palisade Wall x5 |
| 6:53 | NatheSpike · wall_segment Palisade Wall x7 |
| 7:06 | CN_Dauh · wall_segment Palisade Wall x1 |
| 7:10 | CN_Dauh · wall_segment Palisade Wall x1 |
| 7:12 | CN_Dauh · wall_segment Palisade Wall x1 |
| 7:33 | CN_Dauh · first_building Barracks |
| 8:26 | CN_Dauh · age_up feudal |
| 8:32 | CN_Dauh · first_building Archery Range |
| 8:56 | NatheSpike · wall_segment Palisade Wall x6 |
| 9:16 | CN_Dauh · wall_segment Palisade Wall x1 |
| 9:17 | CN_Dauh · wall_segment Palisade Wall x1 |
| 9:25 | CN_Dauh · wall_segment Palisade Wall x1 |
| 9:31 | CN_Dauh · wall_segment Palisade Wall x1 |
| 9:59 | NatheSpike · wall_segment Palisade Wall x8 |
| 10:12 | NatheSpike · wall_segment Palisade Wall x16 |
| 10:56 | NatheSpike · wall_segment Palisade Wall x9 |
| 10:59 | CN_Dauh · wall_segment Palisade Wall x1 |
| 12:14 | NatheSpike · wall_segment Palisade Wall x4 |
| 12:44 | NatheSpike · wall_segment Palisade Wall x3 |
| 12:52 | NatheSpike · wall_segment Palisade Wall x10 |
| 13:08 | NatheSpike · wall_segment Palisade Wall x3 |
| 13:10 | NatheSpike · wall_segment Palisade Wall x1 |
| 13:11 | NatheSpike · wall_segment Palisade Wall x1 |
| 13:28 | NatheSpike · age_up feudal |
| 13:33 | NatheSpike · first_building Archery Range |
| 14:13 | NatheSpike · wall_segment Palisade Wall x1 |
| 18:40 | CN_Dauh · age_up castle |
| 18:53 | CN_Dauh · first_building Siege Workshop |
| 21:01 | NatheSpike · first_building Stable |
| 23:05 | NatheSpike · age_up castle |
| 23:11 | NatheSpike · first_building Monastery |
| 23:52 | NatheSpike · first_market_sell 500 wood |
| 24:39 | CN_Dauh · first_building Monastery |
| 25:07 | NatheSpike · resign |
[ AI ANALYSIS · 1 CREDIT ]
What really happened in this match?
Wolo.gg analyzes every decision: build order, eco, micro, common mistakes by bracket. Personalized analysis on WhatsApp or Discord in 30 seconds.
Civ guide
Chinese
Perfil
Jugador #1782455